Map: Jagannatha LE

Players

goblin - Winner!

  • Race: Protoss Protoss
  • League: Grandmaster
  • Spawn Location: 7:00

HeroMarine

  • Race: Terran Terran
  • League: Grandmaster
  • Spawn Location: 1:00

Event: DreamHack SC2 Masters 2020 Winter

VOD

Have the link to the VOD?

Description

Time

  • Played on: Oct. 22, 2020, 11:55 a.m.
  • Length: 14:19

All games in this series

Show
View Real Time Build Order
Export as new Build Order

goblin Protoss - Winner!

Build Orders: 1 Gate Expand, Phoenix Opening, Carriers, Colossus Rush 

Get SALT Encoding   

  12  0:00  Probe  
  13  0:12  Probe  
  14  0:18  Pylon  
  14  0:24  Probe (Chrono Boost)  
  15  0:36  Probe (Chrono Boost)  
  15  0:38  Gateway  
  16  0:45  Probe (Chrono Boost)  
  16  0:48  Assimilator  
  17  0:50  Probe  
  18  1:03  Probe  
  19  1:18  Probe  
  19  1:25  Cybernetics Core  
  20  1:35  Nexus  
  20  1:43  Pylon  
  20  1:45  Probe  
  21  1:53  Assimilator  
  21  1:58  Probe  
  21  2:00  Adept (Chrono Boost)  
  24  2:11  Probe  
  25  2:19  Shield Battery  
  24  2:23  Stalker  
  24  2:24  Probe  
  27  2:36  Probe  
  28  2:41  Stargate  
  28  2:42  Warp Gate  
  28  2:47  Probe (Chrono Boost)  
  28  2:48  Probe (Chrono Boost)  
  30  2:57  Probe x2 (Chrono Boost)  
  32  3:00  Stalker  
  32  3:04  Probe  
  34  3:07  Probe  
  35  3:16  Probe  
  35  3:19  Probe  
  37  3:26  Phoenix (Chrono Boost)  
  37  3:28  Probe  
  37  3:31  Probe  
  41  3:40  Probe  
  42  3:42  Phoenix  
  42  3:43  Probe  
  42  3:47  Pylon  
  45  3:52  Probe  
  46  3:56  Robotics Facility  
  46  4:03  Assimilator  
  46  4:05  Assimilator, Probe (Chrono Boost)  
  46  4:07  Pylon  
  46  4:09  Probe (Chrono Boost)  
  48  4:10  Phoenix  
  48  4:15  Probe (Chrono Boost)  
  52  4:19  Probe (Chrono Boost)  
  52  4:20  Probe (Chrono Boost)  
  53  4:29  Probe  
  53  4:31  Probe  
  55  4:35  Phoenix  
  57  4:41  Probe  
  57  4:43  Probe  
  59  4:47  Pylon  
  59  4:52  Observer  
  60  4:53  Probe  
  60  4:55  Probe  
  60  4:57  Robotics Bay  
  62  5:04  Nexus  
  62  5:05  Probe  
  63  5:07  Phoenix, Pylon  
  63  5:12  Probe  
  63  5:13  Pylon  
  66  5:22  Observer (Chrono Boost), Probe  
  66  5:24  Probe  
  69  5:32  Gateway x2  
  69  5:34  Probe  
  69  5:35  Gateway  
  70  5:36  Pylon, Observer (Chrono Boost), Probe  
  70  5:40  Phoenix  
  74  5:46  Probe  
  74  5:49  Probe  
  76  5:56  Colossus (Chrono Boost)  
  76  6:02  Probe x2  
  84  6:05  Shield Battery  
  84  6:07  Phoenix  
  84  6:10  Pylon  
  86  6:13  Assimilator  
  86  6:14  Probe (Chrono Boost)  
  86  6:15  Assimilator  
  86  6:16  Extended Thermal Lance  
  87  6:19  Probe (Chrono Boost)  
  87  6:20  Probe (Chrono Boost)  
  89  6:30  Forge  
  89  6:32  Phoenix, Probe x3 (Chrono Boost)  
  92  6:37  Colossus (Chrono Boost), Probe (Chrono Boost)  
  96  6:40  Probe (Chrono Boost)  
  96  6:41  Probe (Chrono Boost)  
  96  6:45  Probe  
  104  6:47  Pylon  
  104  6:49  Sentry  
  104  6:50  Probe  
  104  6:51  Pylon, Observer  
  107  6:55  Observer  
  107  7:02  Observer  
  107  7:03  Protoss Ground Weapons Level 1  
  107  7:06  Phoenix  
  109  7:10  Photon Cannon  
  109  7:12  Pylon  
  109  7:18  Protoss Air Weapons Level 1  
  109  7:30  Colossus  
  109  7:33  Zealot  
  109  7:34  Zealot x3  
  109  7:35  Nexus  
  123  7:38  Pylon  
  123  7:50  Phoenix, Stargate  
  125  7:52  Fleet Beacon  
  125  7:56  Pylon  
  125  8:02  Photon Cannon  
  125  8:03  Photon Cannon  
  125  8:04  Photon Cannon  
  125  8:06  Shield Battery  
  125  8:07  Pylon  
  125  8:09  Probe  
  125  8:15  Probe x2  
  125  8:19  Observer  
  127  8:20  Stargate  
  127  8:21  Probe  
  127  8:24  Disruptor  
  131  8:27  Probe  
  131  8:31  Stargate  
  131  8:32  Assimilator, Probe  
  131  8:33  Probe  
  134  8:37  Assimilator  
  134  8:40  Carrier (Chrono Boost)  
  134  8:43  Carrier (Chrono Boost)  
  146  8:54  Stalker, Zealot  
  146  9:09  Disruptor  
  149  9:11  Carrier (Chrono Boost), Probe  
  149  9:12  Probe x2  
  149  9:14  Observer  
  149  9:16  Observer  
  158  9:18  Observer  
  158  9:26  Protoss Air Weapons Level 2 (Chrono Boost)  
  158  9:31  Twilight Council  
  158  9:32  Probe x2  
  158  9:33  Probe  
  158  9:34  Pylon, Nexus  
  161  9:41  Observer  
  165  9:46  Carrier (Chrono Boost)  
  171  9:55  Disruptor  
  171  9:59  Probe x2  
  176  10:00  Assimilator  
  176  10:01  Carrier (Chrono Boost)  
  176  10:04  Assimilator  
  176  10:05  Carrier (Chrono Boost)  
  176  10:06  Pylon  
  182  10:21  Charge (Chrono Boost), Shield Battery  
  182  10:22  Shield Battery  
  182  10:26  Stalker, Zealot x3  
  188  10:45  Pylon  
  188  10:46  Pylon  
  188  10:49  Observer  
  184  10:58  Assimilator, Protoss Ground Weapons Level 2 (Chrono Boost)  
  184  11:06  Zealot x4  
  192  11:15  Dark Shrine  
  192  11:16  Disruptor (Chrono Boost)  
  192  11:20  Dark Shrine  
  192  11:23  Robotics Facility  
  195  11:26  Photon Cannon  
  195  11:30  Photon Cannon  
  195  11:35  Carrier (Chrono Boost)  
  197  11:43  Carrier (Chrono Boost)  
  197  11:47  Carrier (Chrono Boost)  
  199  11:53  Blink  
  199  11:55  Gateway  
  199  11:59  Pylon  
  199  12:00  Gateway  
  195  12:16  Carrier (Chrono Boost)  
Show
View Real Time Build Order
Export as new Build Order

HeroMarine Terran 

Build Orders: Reaper Expand 

Get SALT Encoding   

  12  0:00  SCV  
  13  0:12  SCV  
  14  0:17  Supply Depot  
  14  0:24  SCV  
  15  0:38  SCV  
  15  0:40  Barracks  
  16  0:43  Refinery  
  16  0:50  SCV  
  17  1:02  SCV  
  18  1:14  SCV  
  19  1:27  Orbital Command, Reaper  
  20  1:50  Bunker  
  20  1:52  Command Center  
  20  1:55  SCV  
  20  1:59  Reaper  
  22  2:05  Supply Depot  
  22  2:09  SCV  
  22  2:14  Refinery  
  23  2:26  SCV  
  23  2:29  Factory  
  24  2:31  Marine  
  24  2:38  SCV  
  25  2:49  Barracks Reactor  
  25  2:50  SCV  
  26  3:03  SCV  
  27  3:06  Orbital Command  
  27  3:13  Widow Mine, Starport  
  27  3:15  SCV  
  30  3:25  Marine  
  30  3:26  Marine  
  31  3:27  SCV  
  31  3:32  SCV  
  33  3:36  Factory Tech Lab  
  33  3:43  Marine x2  
  33  3:44  SCV  
  33  3:45  SCV  
  33  3:46  Supply Depot  
  36  3:50  Medivac  
  36  3:54  Cyclone  
  41  3:56  SCV  
  41  3:57  SCV  
  41  4:01  Marine x2  
  45  4:08  SCV  
  45  4:09  SCV  
  47  4:10  Supply Depot  
  46  4:19  Marine x2  
  46  4:20  SCV  
  46  4:21  SCV  
  46  4:22  Viking  
  49  4:26  Cyclone  
  51  4:32  SCV  
  51  4:33  SCV  
  51  4:37  Marine x2  
  54  4:44  SCV  
  52  4:45  SCV  
  52  4:47  Command Center  
  53  4:54  Marine  
  53  4:55  Marine, Viking  
  53  4:56  SCV  
  53  4:57  SCV  
  62  5:15  Supply Depot  
  62  5:16  SCV x2  
  62  5:18  Bunker  
  62  5:20  Barracks  
  61  5:24  Barracks  
  61  5:25  Stimpack  
  61  5:27  Viking  
  61  5:28  SCV, Engineering Bay  
  61  5:34  Factory Reactor  
  62  5:36  Marine, SCV  
  62  5:38  Supply Depot  
  62  5:41  SCV  
  65  5:46  Refinery  
  65  5:48  SCV  
  66  5:53  SCV  
  66  5:54  Marine  
  66  5:56  Terran Infantry Weapons Level 1  
  68  5:59  Barracks x2  
  68  6:00  SCV  
  68  6:02  Starport Reactor  
  68  6:03  Starport Tech Lab  
  68  6:05  SCV, Orbital Command  
  68  6:11  Refinery  
  68  6:12  Marine x2, SCV  
  68  6:15  Factory Tech Lab  
  68  6:17  SCV  
  72  6:18  Missile Turret  
  72  6:24  Marine x2, SCV  
  75  6:29  SCV  
  76  6:34  Starport Reactor  
  76  6:36  Missile Turret, Siege Tank  
  76  6:37  SCV  
  78  6:40  Marine x3  
  78  6:41  SCV  
  78  6:42  Marine, Missile Turret  
  78  6:44  Supply Depot, Orbital Command  
  82  6:47  Barracks Tech Lab x2  
  82  6:49  SCV  
  82  6:50  Marine  
  82  6:53  SCV  
  85  6:58  Marine  
  85  7:00  Marine x2  
  85  7:01  SCV  
  89  7:05  SCV  
  89  7:07  Combat Shield  
  90  7:08  Siege Tank  
  90  7:10  SCV  
  90  7:13  SCV, Supply Depot x2  
  95  7:16  Missile Turret  
  95  7:17  SCV  
  95  7:22  Marauder x2  
  100  7:23  SCV  
  100  7:28  Supply Depot  
  100  7:29  SCV  
  101  7:35  Supply Depot, SCV x2  
  101  7:36  Supply Depot  
  103  7:38  Marauder  
  103  7:39  Marine x2  
  103  7:41  SCV  
  103  7:43  Refinery x2  
  103  7:44  Marauder  
  110  7:47  SCV, Siege Tank  
  110  7:49  SCV  
  110  7:50  Terran Infantry Armor Level 1  
  115  7:53  SCV  
  115  7:55  Factory  
  118  8:01  Marine x2  
  118  8:03  Marine  
  118  8:05  Marine, SCV  
  126  8:07  Marine  
  126  8:08  Marine  
  126  8:12  SCV x2  
  124  8:13  Command Center  
  124  8:16  Medivac x2  
  127  8:23  Marine x3  
  127  8:24  Armory, Engineering Bay  
  127  8:25  SCV  
  129  8:33  Siege Tank  
  132  8:39  SCV x2  
  132  8:41  SCV  
  133  8:45  Supply Depot, Bunker  
  133  8:46  Medivac x2  
  133  8:47  Supply Depot  
  137  8:51  Factory Tech Lab  
  137  8:53  Ghost Academy  
  137  8:54  SCV x3  
  140  9:09  Factory  
  138  9:11  Siege Tank x2  
  138  9:12  Terran Vehicle Weapons Level 1  
  138  9:13  Armory  
  138  9:14  Terran Infantry Weapons Level 2  
  138  9:15  Missile Turret  
  144  9:20  Missile Turret  
  144  9:21  SCV, Sensor Tower  
  144  9:22  SCV x2  
  146  9:32  Medivac  
  146  9:33  Medivac  
  146  9:34  SCV x3  
  146  9:36  Marine x3, Missile Turret  
  146  9:37  Marine x3  
  159  9:40  Marine  
  159  9:43  Thor  
  165  9:47  SCV x2  
  167  9:54  SCV  
  167  9:55  Factory Tech Lab  
  167  9:56  Orbital Command  
  167  9:57  Refinery  
  167  9:58  Refinery  
  167  9:59  SCV  
  169  10:01  Thor, Supply Depot  
  169  10:02  Supply Depot  
  175  10:13  Missile Turret  
  175  10:15  Missile Turret  
  175  10:16  Command Center  
  175  10:24  Ghost x2, Sensor Tower  
  175  10:27  Ghost  
  181  10:33  Thor  
  177  10:40  Barracks  
  175  10:44  Medivac x2, Barracks  
  175  10:45  Barracks  
  179  10:53  Thor  
  176  11:03  Thor  
  180  11:06  Marine x2  
  180  11:07  Marine x3, Command Center  
  180  11:11  SCV  
  187  11:15  Ghost x2  
  190  11:19  Supply Depot  
  190  11:23  Terran Vehicle Weapons Level 2  
  190  11:27  Command Center  
  190  11:37  Thor, Marine  
  160  11:40  Marine  
  160  11:42  Missile Turret  
  160  11:43  Missile Turret, Refinery  
  160  11:44  Missile Turret, Refinery  
  160  11:45  Thor  
  160  11:46  Missile Turret  
  137  11:54  Marine x2  
  137  11:56  Marine x2  
  137  11:57  Marine x2  
  143  12:04  Marine x2  
  143  12:06  Marine x2  
  117  12:20  Widow Mine  
Tags
 
Add a new tag
Caveats
  • Supply blocks, unpowered buildings, or Contaminate may cause inaccurate times.
  • Supply counts are checked every 10 seconds.